 Dungeon Sprint DCSS version 0.19.0-18-g426998a (webtiles) character file.

80 poirepourri the Firebug (level 4, -5/24 HPs)
             Began as a Deep Elf Fire Elementalist on Nov 11, 2016.
             Slain by a water elemental (17 damage)
             ... in the Dungeon (Sprint III: "The Ten Rune Challenge").
             The game lasted 00:01:08 (446 turns).

poirepourri the Firebug (Deep Elf Fire Elementalist) Turns: 446, Time: 00:01:08

Health: -5/24      AC:  3    Str:  5    XL:     4   Next: 18%
Magic:  10/14      EV: 14    Int: 21    God:
Gold:   33         SH:  0    Dex: 15    Spells: 4 memorised, 5 levels left

rFire  . . .     SeeInvis .     (no weapon)
rCold  . . .     Gourm    .     a - +0 robe
rNeg   . . .     Faith    .     (no shield)
rPois  .         Spirit   .     (no helmet)
rElec  .         Reflect  .     l - +0 cloak
rCorr  .         Harm     .     (no gloves)
MR     .....     NoTele   +     (no boots)
Stlth  +++.......               (no amulet)
                                (no ring)
                                (no ring)

@: very slightly contaminated
A: no striking features
a: no special abilities


You were in the Dungeon.
You were not hungry.

You visited 1 branch You collected 33 gold pieces.

Inventory:

Armour
 a - a +0 robe (worn)
 l - a +0 cloak (worn)
Scrolls
 i - a scroll of blinking
 n - 2 scrolls of immolation {unknown}
 o - a scroll of enchant armour {unknown}
 p - 3 scrolls of remove curse
 r - a scroll of torment {unknown}
 s - 2 scrolls of identify
Potions
 d - a potion of curing
 e - a potion of heal wounds
 f - a potion of haste
 g - 2 potions of magic
 h - a potion of berserk rage
 j - 2 potions of degeneration {unknown}
 k - a potion of beneficial mutation {unknown}
 m - 3 potions of mutation {unknown}
 q - 3 potions of flight
 u - a potion of agility {unknown}
Books
 b - a book of Flames

   Spells                             Type                      Level
   a - Flame Tongue                   Conjuration/Fire             1
   b - Throw Flame                    Conjuration/Fire             2
   c - Conjure Flame                  Conjuration/Fire             3
   d - Inner Flame                    Hexes/Fire                   3
   e - Sticky Flame                   Conjuration/Fire             4
   f - Fireball                       Conjuration/Fire             5
Comestibles
 c - 2 bread rations
 t - a meat ration


   Skills:
 + Level 3.5 Dodging
 + Level 4.2 Stealth
 + Level 6.0 Spellcasting
 + Level 1.5 Conjurations
 + Level 7.5 Fire Magic


You had 5 spell levels left.
You knew the following spells:

 Your Spells              Type           Power        Failure   Level  Hunger
a - Flame Tongue          Conj/Fire      ####.        1%          1    None
b - Throw Flame           Conj/Fire      ####..       1%          2    None
c - Conjure Flame         Conj/Fire      ####....     4%          3    ##.....
d - Sticky Flame          Conj/Fire      ####....     17%         4    ####...


Dungeon Overview and Level Annotations

Branches:
Dungeon (1/1)

Altars:


Message History

Aim: a water elemental (moderately damaged)
The flame tongue hits the water elemental.
The water elemental is burned terribly!
The water elemental is severely damaged.
The water elemental hits you!
The water elemental engulfs you in water!
With effort, you pull free of the water engulfing you.
You gasp with relief as air once again reaches your lungs.
You see here a quarterstaff of chaos.
Casting: Flame Tongue
Confirm with . or Enter, or press ? or * to list all spells.
Aiming: Flame Tongue
Press: ? - help, Shift-Dir - straight line, f/p - water elemental
Aim: a water elemental (severely damaged)
The flame tongue hits the water elemental.
The water elemental appears unharmed.
The water elemental is severely damaged.
The water elemental hits you!
Ouch! That really hurt!
You die...

▓...#......#####..#
▓..##.......#..#..#
▓##.##.##)..#..#..# #+#+#
##.##.###..##'#..#......
▓#.####.##..###...'.⌠....
▓.###..##..####...#...###
▓#.....##..###....# ⌠.#
###..##†..##.....# .#
##..##....#.@E...# #
#..###..##.#.....# #..#
#.. ####....# ▓▓▓▓ ▓▓▓
▓▓▓▓▓▓


You could see a water elemental.

Vanquished Creatures
  Crazy Yiuf (D)
  Jessica (D)
  A human (D)
  2 oozes (D)
  A rat (D)
6 creatures vanquished.

Vanquished Creatures (others)
  2 draconian scorchers (D)
  A yaktaur (D)
  6 hellions (D)
9 creatures vanquished.

Grand Total: 15 creatures vanquished

Notes
Turn   | Place    | Note
-------+----------+-------------------------------------------
     0 | D        | poirepourri the Deep Elf Fire Elementalist began the quest for the Orb.
     0 | D        | Reached XP level 1. HP: 10/10 MP: 6/6
     9 | D        | Reached skill level 4 in Fire Magic
    31 | D        | Reached skill level 5 in Fire Magic
    31 | D        | Reached XP level 2. HP: 15/15 MP: 1/8
    68 | D        | Learned a level 2 spell: Throw Flame
    80 | D        | Noticed Jessica
    83 | D        | Killed Jessica
    83 | D        | Reached skill level 5 in Spellcasting
    83 | D        | Reached skill level 6 in Fire Magic
    83 | D        | Reached XP level 3. HP: 19/19 MP: 1/11
    90 | D        | Killed a hellion
    91 | D        | Killed a hellion
    91 | D        | Killed a hellion
    92 | D        | Killed a hellion
   169 | D        | Killed a hellion
   186 | D        | Killed a yaktaur
   215 | D        | Killed a white draconian scorcher
   260 | D        | Learned a level 3 spell: Conjure Flame
   300 | D        | Killed a hellion
   364 | D        | Noticed Crazy Yiuf
   367 | D        | Killed Crazy Yiuf
   367 | D        | Reached skill level 7 in Fire Magic
   367 | D        | Reached XP level 4. HP: 24/24 MP: 9/14
   383 | D        | Learned a level 4 spell: Sticky Flame
   393 | D        | Killed a white draconian scorcher
   437 | D        | Noticed a water elemental
   446 | D        | Slain by a water elemental

Skill      XL: |  1  2  3 |
---------------+----------+-----
Fire Magic     | 5 6 7 |  7.5
Dodging        | 3 |  3.5
Stealth        | 3 4 |  4.2
Spellcasting   | 5 6 |  6.0
Conjurations   | |  1.5

Action                   |  1- 3 |  4- 6 || total
-------------------------+-------+-------++-------
 Cast: Flame Tongue      |    14 |     5 ||    19
       Throw Flame       |     6 |       ||     6
Dodge: Dodged            |     3 |     2 ||     5
